 Dungeon Crawl Stone Soup version 0.28-a0-726-g4a9143789a (webtiles) character file.

Game seed: 3870376630060706771

3460 blank1 the Fighter (level 9, -12/85 HPs)
             Began as a Minotaur Fighter on Oct 28, 2021.
             Was a Believer of Okawaru.
             Mangled by an orc knight (19 damage)
             ... in a bailey.
             The game lasted 00:18:24 (7677 turns).

blank1 the Fighter (Minotaur Fighter)               Turns: 7677, Time: 00:18:25

Health: -12/85     AC: 15    Str: 21    XL:     9   Next: 78%
Magic:  11/11      EV: 10    Int:  5    God:    Okawaru [**....]
Gold:   337        SH: 11    Dex: 19    Spells: 8/8 levels left

rFire   . . .      SeeInvis .   y - +0 broad axe
rCold   . . .      Faith    .   c - +0 buckler
rNeg    . . .      Spirit   .   l - +2 chain mail {Will+}
rPois   +          Reflect  +   (helmet restricted)
rElec   .          Harm     .   t - +0 cloak
rCorr   .          Rampage  .   v - +0 pair of gloves
Will    +....                   (no boots)
Stlth   ..........              j - amulet of reflection
HPRegen 0.24/turn               s - ring of poison resistance
MPRegen 0.12/turn               i - +6 ring of dexterity

@: no status effects
A: horns 2, retaliatory headbutt
a: Renounce Religion, Heroism


You were in a bailey.
You worshipped Okawaru.
Okawaru was pleased with you.
You visited 2 branches of the dungeon, and saw 9 of its levels.
You also visited: Bailey.

You collected 337 gold pieces.

Inventory:

Hand Weapons
 a - a +1 war axe
 o - a +0 antimagic hand axe
 y - a +0 broad axe (weapon)
Armour
 c - a +0 buckler (worn)
 l - a +2 chain mail of willpower (worn)
 t - a +0 cloak (worn)
 v - a +0 pair of gloves (worn)
Jewellery
 i - a +6 ring of dexterity (right hand)
 j - an amulet of reflection (around neck)
 r - a ring of ice
 s - a ring of poison resistance (left hand)
Wands
 m - a wand of acid (17)
 p - a wand of flame (73)
 w - a wand of polymorph (11)
 x - a wand of mindburst (15)
 C - a wand of iceblast (12)
Scrolls
 b - 2 scrolls of enchant weapon
 k - a scroll of identify
 u - a scroll of blinking
 D - a scroll of fog {unknown}
Potions
 d - 2 potions of might
 e - 2 potions of lignification {unknown}
 f - 5 potions of haste
 g - a potion of brilliance {unknown}
 h - a potion of magic
 n - a potion of mutation
 q - 3 potions of curing
 z - 2 potions of heal wounds {unknown}
 A - 2 potions of attraction
 B - 3 potions of flight


   Skills:
 + Level 9.8 Fighting
 + Level 9.8 Axes
 - Level 7.0 Armour
 - Level 5.0 Dodging
 - Level 4.0 Shields
 + Level 4.5 Invocations
 + Level 1.5 Evocations


You had 8 spell levels left.
You didn't know any spells.
Your spell library contained the following spells:

 Spells                   Type           Power      Damage    Failure   Level
 Ozocubu's Armour         Ice            0%         N/A       100%        3
 Ozocubu's Refrigeration  Ice            0%         4d5       100%        7


Dungeon Overview and Level Annotations

Branches:
Dungeon (8/15)             Temple (1/1) D:6          Bailey (1/1)
   Lair: D:8-11

Altars:
Ashenzari
Cheibriados
Dithmenos
Elyvilon
Fedhas
Gozag
Hepliaklqana
Kikubaaqudgha
Makhleb
Nemelex Xobeh
Okawaru
Qazlal
Ru
Sif Muna
Trog
Uskayaw
Vehumet
Wu Jian
Xom
Yredelemnul
Zin
The Shining One

Shops:
D:2 ?[(?:


Innate Abilities, Weirdness & Mutations

You have a pair of horns on your head.
You reflexively headbutt those who attack you in melee.


Message History

The orc knight is heavily wounded.
You closely miss the orc. You block the orc knight's attack.
You block the orc's attack.
You barely miss the orc knight. Your headbutt misses the orc knight.
The orc knight is heavily wounded.
You hit the orc. You block the orc knight's attack. You block the orc's attack.
You slash the orc!
You kill the orc!
Okawaru accepts your kill.
You closely miss the orc knight.
A hobgoblin comes into view. It is wielding a +0 hand axe.
The orc knight hits you with a +4 war axe!!
You are too injured to fight recklessly!
You are too injured to fight recklessly!
You are too injured to fight recklessly!
You closely miss the orc knight.
The hobgoblin shouts!
Your headbutt misses the orc knight.
The orc knight is heavily wounded.
The hobgoblin drinks a potion.
The hobgoblin seems to speed up.
You block the orc knight's attack.
You barely miss the orc knight.
The orc knight is heavily wounded.
The orc knight barely misses you.
You slash the orc knight! Your headbutt misses the orc knight.
The orc knight is severely wounded.
The orc knight hits you with a +4 war axe!!
* * * LOW HITPOINT WARNING * * *
You closely miss the orc knight. Your headbutt misses the orc knight.
The orc knight is severely wounded.
The orc knight barely misses you.
The orc knight hits you with a +4 war axe.
* * * LOW HITPOINT WARNING * * *
You barely miss the orc knight. You headbutt the orc knight!
The orc knight is almost dead.
You slash the hobgoblin!
You kill the hobgoblin!
Okawaru accepts your kill.
The orc knight hits you with a +4 war axe!!
You die...

##.........###.....
#...........#......
#...........)).....
#.....⌠...).#.....⌠
#...........#.)....
#...)).)....#......
♣♣♣♣♣♣
###...).....###.....
♣♣..♣.♣ ###.#'#.....###
###...
♣.....♣♣♣###..))@###.###
###.
♣.......##......)o.###
## ♣.......#...........#
♣.......'...........#
♣..∩.∩..'.....⌠.....#
♣.......'...........#
......))#...........#
♣♣....).##.........###
##
♣....♣.♣###..)).###.###
###.


You could see an orc knight.

Vanquished Creatures
  A vampire (D:6)
  A steam dragon (D:5)
  7 orc warriors
  A black bear (D:4)
  5 ogres
  3 centaurs
  4 bullfrogs
  3 wights (D:7)
  2 hounds (D:6)
  2 jellies
  7 orc priests
  Crazy Yiuf (D:7)
  Ijyb (D:3)
  Natasha (thrice) (D:3)
  3 iguanas
  16 orc wizards
  A killer bee zombie (D:7)
  A hound skeleton (D:3)
  9 gnolls
  8 adders
  3 white imps (D:7)
  4 ufetubi
  An adder skeleton (D:4)
  The ghost of flotson the Sneak, a weakling DsDe (D:3)
  4 dart slugs
  58 orcs
  6 bats
  3 endoplasms
  8 giant cockroaches
  42 goblins
  20 hobgoblins
  9 jackals
  A quokka (D:3)
  5 ball pythons
  4 frilled lizards
  4 kobolds
  11 rats
263 creatures vanquished.

Vanquished Creatures (others)
  3 fungi (D:7)
  2 plants (D:6)
5 creatures vanquished.

Grand Total: 268 creatures vanquished

Notes
Turn   | Place    | Note
-------+----------+-------------------------------------------
     0 | D:1      | blank1 the Minotaur Fighter began the quest for the Orb.
     0 | D:1      | Reached XP level 1. HP: 19/19 MP: 0/0
    83 | D:1      | You fall into a shaft and drop 1 floor!
    84 | D:2      | Found Mites's Magic Scroll Emporium.
    87 | D:2      | Reached XP level 2. HP: 22/27 MP: 1/1
    92 | D:2      | Reached XP level 3. HP: 27/33 MP: 2/2
   237 | D:1      | Found a faded altar of an unknown god.
   712 | D:2      | Found Noijogif's Antique Armour Emporium.
   819 | D:2      | Found Diqeuff's Magic Scroll Boutique.
   835 | D:2      | Reached skill level 1 in Dodging
   835 | D:2      | Reached XP level 4. HP: 38/40 MP: 3/3
   909 | D:2      | Found Xeoluis's Antique Weapon Shoppe.
  1062 | D:2      | Found Gucod's Book Shop.
  1303 | D:3      | Found a transporter.
  1304 | D:3      | Noticed Natasha
  1322 | D:3      | Killed Natasha
  1323 | D:3      | Reached skill level 5 in Fighting
  1323 | D:3      | Reached XP level 5. HP: 33/48 MP: 4/4
  1413 | D:3      | Found a transporter.
  1413 | D:3      | Noticed flotson's ghost (weakling DsDe)
  1451 | D:3      | Noticed Ijyb
  1459 | D:3      | Killed Ijyb
  1772 | D:3      | Noticed Natasha
  1777 | D:3      | Killed Natasha
  1821 | D:3      | Reached XP level 6. HP: 56/56 MP: 5/5
  2022 | D:3      | Noticed Natasha
  2028 | D:3      | Killed Natasha
  2081 | D:3      | Found a hide-covered altar of Uskayaw.
  2177 | D:3      | Killed flotson's ghost
  2341 | D:4      | Reached skill level 5 in Axes
  2341 | D:4      | Reached skill level 5 in Armour
  2592 | D:4      | Found a shimmering blue altar of Sif Muna.
  2592 | D:4      | Found a shadowy altar of Dithmenos.
  2593 | D:4      | Found a hazy altar of Hepliaklqana.
  2603 | D:4      | Reached XP level 7. HP: 63/63 MP: 6/6
  2604 | D:4      | Found a white marble altar of Elyvilon.
  3513 | D:5      | Entered Level 5 of the Dungeon
  3874 | D:5      | Noticed a steam dragon
  3881 | D:5      | Killed a steam dragon
  4481 | D:6      | Found a sparkling altar of Nemelex Xobeh.
  4525 | D:6      | Reached XP level 8. HP: 57/74 MP: 7/7
  5183 | D:6      | Found a staircase to the Ecumenical Temple.
  5194 | Temple   | Entered the Ecumenical Temple
  5305 | Temple   | Became a worshipper of Warmaster Okawaru
  5362 | D:6      | Noticed an angel
  5365 | D:6      | Found a glowing silver altar of Zin.
  5389 | D:6      | Found a shimmering altar of Xom.
  5557 | D:6      | Reached XP level 9. HP: 49/83 MP: 8/8
  6128 | D:7      | Reached skill level 1 in Invocations
  6324 | D:7      | Reached * piety under Okawaru
  7037 | D:7      | Found a runed translucent door.
  7038 | D:7      | Noticed Crazy Yiuf
  7043 | D:7      | Killed Crazy Yiuf
  7178 | D:8      | Found a flagged portal.
  7183 | Bailey   | Entered a bailey
  7326 | Bailey   | Reached ** piety under Okawaru
  7370 | Bailey   | Reached skill level 5 in Dodging
  7422 | Bailey   | Reached skill level 1 in Evocations
  7665 | Bailey   | Noticed an orc knight
  7677 | Bailey   | Mangled by an orc knight

Illustrated notes

Levels and vault maps discovered:
D:1:      minmay_arrival_wavy_path, layout_loops_ring,
          ebering_ecumenical_altar_sacrificial
D:2:      layout_loops_ring, serial_shops, shop, nicolae_shop_statue_plus,
          nicolae_square_shop, shop_fountains, shop
D:3:      layout_loops_ring, nicolae_uskayaw_suspiria, gammafunk_ghost_arena,
          uniq_ijyb, uniq_natasha
D:4:      kennysheep_the_goblin_king, layout_loops_ring,
          nicolae_overflow_quartered_altars, minmay_strange_pillars
D:5:      layout_gridville, dk_noncrumbling_3
D:6:      layout_basic, grunt_temple_overflow_order_and_chaos_1,
          mainiacjoe_overflow_concentric_impassable,
          minmay_temple_entry_gardened_gates, minmay_ogre_servants
D:7:      minmay_flawed_box, layout_basic, uniq_crazy_yiuf_cottage
D:8:      layout_loops_ring, enter_bailey_3, due_unseen_surprise
Temple:   eino_narrow_crystal_temple
Bailey:   bailey_axe_minmay_hex_keep, bailey

Skill      XL: |  1  2  3  4  5  6  7  8  9 |
---------------+----------------------------+-----
Fighting       | 4 5 6 8 9 |  9.8
Axes           | 3 4 5 7 9 |  9.8
Armour         | 4 5 6 7 |  7.0
Shields        | 4 |  4.0
Dodging        | 1 2 3 4 5 |  5.0
Invocations    | 4 |  4.5
Evocations     | 1 |  1.5

Action                   |  1- 3 |  4- 6 |  7- 9 || total
-------------------------+-------+-------+-------++-------
Melee: War axe           |    72 |   127 |   331 ||   530
       Headbutt          |    14 |    16 |    79 ||   109
       Broad axe         |       |       |    47 ||    47
  Use: Scroll            |       |     3 |    12 ||    15
       Potion            |       |       |     1 ||     1
Armor: Scale mail        |    30 |     8 |       ||    38
       Chain mail        |       |    38 |   111 ||   149
Dodge: Dodged            |    40 |    34 |    85 ||   159
Block: Buckler           |    17 |    39 |   157 ||   213
       Reflection        |       |       |     6 ||     6

Table legend: (Time is in decaauts)
 A = Elapsed time spent in this place.
 B = Non-inter-level travel time spent in this place.
 C = Inter-level travel time spent in this place.
 D = Time resting spent in this place.
 E = Time spent auto-exploring this place.
 F = Levels seen in this place.
 G = Mean time per level.
                   A        B        C        D        E       F      G
               +--------+--------+--------+--------+--------+-----+--------+
         Total |   7767 |   7501 |    266 |   1175 |   4556 |  10 |  776.7 |
       Dungeon |   7141 |   6889 |    252 |   1010 |   4397 |   8 |  892.6 |
        Temple |    126 |    112 |     14 |      0 |    100 |   1 |  126.0 |
        Bailey |    500 |    500 |      0 |    165 |     59 |   1 |  500.0 |
               +--------+--------+--------+--------+--------+-----+--------+

Top non-repeatable levels by time:
     D:6: 1542 daAuts
     D:4: 1265 daAuts
     D:3: 1019 daAuts
     D:7: 970 daAuts
     D:5: 944 daAuts
     D:2: 714 daAuts
     D:1: 581 daAuts
  Bailey: 500 daAuts
  Temple: 126 daAuts
     D:8: 102 daAuts
